 Dungeon Crawl Stone Soup version 0.28-a0-863-g8cecda6153 (webtiles) character file.

Game seed: 8094193513553921792

124 GRML the Ducker (level 5, -3/35 HPs)
             Began as a Djinni Fire Elementalist on Nov 17, 2021.
             Killed from afar by an orc wizard (9 damage)
             ... with a magic dart
             ... on level 3 of the Dungeon.
             The game lasted 00:14:55 (3275 turns).

GRML the Ducker (Djinni Fire Elementalist)          Turns: 3275, Time: 00:14:56

Health: -3/35      AC:  3    Str:  7    XL:     5   Next: 30%
Gold:   78         EV: 13    Int: 18    God:
                   SH:  0    Dex: 13

rFire   + + .      SeeInvis .   b - staff of cold
rCold   . . .      Faith    .   (no shield)
rNeg    . . .      Spirit   .   a - +0 robe
rPois   ∞          Reflect  .   g - +0 helmet
rElec   .          Harm     .   (no cloak)
rCorr   .          Rampage  .   (no gloves)
Will    .....                   (boots unavailable)
Stlth   ++........              (no amulet)
HPRegen 0.11/turn               (no ring)
MPRegen 0.00/turn               (no ring)

@: flying
A: sickness immunity, fire resistance 2, cold vulnerability 1, float, innate
caster, hp casting, extra vitality 1
a: no special abilities


You were on level 3 of the Dungeon.
You visited 1 branch of the dungeon, and saw 3 of its levels.

You collected 78 gold pieces.

Inventory:

Hand Weapons
 e - a +1 broad axe of flaming
Armour
 a - a +0 robe (worn)
 g - a +0 helmet (worn)
Magical Staves
 b - a staff of cold (weapon)
 h - a staff of air
Scrolls
 c - a scroll of teleportation {unknown}
 d - 5 scrolls of identify


   Skills:
 - Level 0.3 Staves
 + Level 3.9 Dodging
 - Level 1.7 Stealth
 + Level 3.5 Spellcasting


You couldn't memorise any spells.
You knew the following spells:

 Your Spells              Type           Power      Damage    Failure   Level
a - Foxfire               Conj/Fire      60%        2x1d7     3%          1
b - Scorch                Fire           30%        2d6       5%          2
c - Conjure Flame         Conj/Fire      15%        6-21      11%         3
d - Inner Flame           Hex/Fire       15%        N/A       11%         3
e - Flame Wave            Conj/Fire      15%        3d5       34%         4
f - Beastly Appendage     Tmut           30%        N/A       3%          1
g - Passwall              Tmut/Erth      12%        N/A       5%          2
Your spell library was empty.

Dungeon Overview and Level Annotations

Branches:
Dungeon (3/15)

Altars:


Innate Abilities, Weirdness & Mutations

You are immune to sickness and miasma.
You are immune to poison.
Your flesh is very heat resistant. (rF++)
You are vulnerable to cold. (rC-)
You float through the air rather than walking.
You learn spells naturally, not from books.
Your magical power is your life essence.
You have superior vitality. (+4 HP)


Message History

Confirm with . or Enter, or press ? or * to list all spells.
Flames lash something.
Casting: Scorch (safe; 5% risk of failure)
Confirm with . or Enter, or press ? or * to list all spells.
Flames lash the orc.
The orc is heavily wounded.
The orc's fire resistance burns away.
Casting: Scorch (safe; 5% risk of failure)
Confirm with . or Enter, or press ? or * to list all spells.
Flames lash the orc.
The orc is burned terribly!
You kill the orc!
Something hits you.
You hit something.
An endoplasm comes into view.
Something hits you.
You hit something. Something hits you.
Your magical contamination has completely faded away.
You hit something but do no damage. Something hits you.
You miss something.
You hear some strange, mumbled words.
You are confused.
Something hits you.
You barely miss something. Something hits you but does no damage.
You completely miss something. Something hits you but does no damage.
You bump into the rock wall.
You hear some strange, mumbled words.
A puff of flame appears from out of thin air!
The puff of flame hits you. You resist. Something hits you.
* * * LOW HITPOINT WARNING * * *
A magic dart appears from out of thin air!
The magic dart hits you.
* * * LOW HITPOINT WARNING * * *
You feel less confused.
A puff of flame appears from out of thin air!
The puff of flame misses you.
You see here an adder corpse.
A magic dart appears from out of thin air!
The magic dart hits you!
You die...

....#....#....#.†....#
....#....#....#......#
.........# #......#
.........# ##.#####
.........# #J# .........#
#{# .........#######.####
.........#..........#
.........#).....@...#
)........#..........#
.######'##..........# .#
#.##..........# .#
#........#.#......
.#############.#........#
.......# #.###.####.#
.......#######..<#...<# #
# ................#######


You could see an endoplasm.

Vanquished Creatures
  9 adders
  A dart slug (D:2)
  4 orcs
  An endoplasm (D:1)
  A giant cockroach (D:2)
  2 hobgoblins (D:2)
  2 jackals (D:1)
  2 quokkas (D:1)
  4 ball pythons
  5 bats
  3 frilled lizards
  3 goblins
  2 kobolds
  4 rats
43 creatures vanquished.

Vanquished Creatures (others)
  17 foxfires
17 creatures vanquished.

Grand Total: 60 creatures vanquished

Notes
Turn   | Place    | Note
-------+----------+-------------------------------------------
     0 | D:1      | GRML the Djinni Fire Elementalist began the quest for the
                  | Orb.
     0 | D:1      | Reached XP level 1. HP: 15/15 MP: 0/0
   849 | D:1      | Reached XP level 2. HP: 9/21 MP: 0/0
  1587 | D:2      | Found a faded altar of an unknown god.
  1854 | D:2      | Reached XP level 3. HP: 21/25 MP: 0/0
  1854 | D:2      | Learned a level 1 spell: Beastly Appendage
  1985 | D:2      | Reached XP level 4. HP: 17/31 MP: 0/0
  2940 | D:2      | Reached XP level 5. HP: 22/35 MP: 0/0
  2940 | D:2      | Learned a level 2 spell: Passwall
  3275 | D:3      | Killed from afar by an orc wizard

Illustrated notes

Levels and vault maps discovered:
D:1:      matt_arrival_refuge, layout_basic
D:2:      layout_basic, shapermc_ecumenical_altar_totnotflames
D:3:      layout_basic, gammafunk_temple_overflow_statue

Skill      XL: |  1  2  3 |
---------------+----------+-----
Spellcasting   | 3 |  3.5
Dodging        | 3 |  3.9
Staves         | |  0.3
Stealth        | |  1.7

Action                   |  1- 3 |  4- 6 || total
-------------------------+-------+-------++-------
Melee: Staff             |    51 |    47 ||    98
 Cast: Foxfire           |    14 |       ||    14
       Scorch            |     7 |    12 ||    19
  Use: Scroll            |     2 |       ||     2
       Potion            |       |     2 ||     2
 Stab: Sleeping          |     1 |       ||     1
Armor: Robe              |    33 |    12 ||    45
Dodge: Dodged            |    76 |    52 ||   128

Table legend: (Time is in decaauts)
 A = Elapsed time spent in this place.
 B = Non-inter-level travel time spent in this place.
 C = Inter-level travel time spent in this place.
 D = Time resting spent in this place.
 E = Time spent auto-exploring this place.
 F = Levels seen in this place.
 G = Mean time per level.
                   A        B        C        D        E       F      G
               +--------+--------+--------+--------+--------+-----+--------+
         Total |   3294 |   3294 |      0 |   1599 |    976 |   3 | 1098.0 |
       Dungeon |   3294 |   3294 |      0 |   1599 |    976 |   3 | 1098.0 |
               +--------+--------+--------+--------+--------+-----+--------+

Top non-repeatable levels by time:
     D:1: 1542 daAuts
     D:2: 1236 daAuts
     D:3: 515 daAuts
